 Dungeon Crawl Stone Soup version 0.19-a0-1886-gd64a0f0 (webtiles) character file.

205 JeffiDaFish the Sneak (level 5, 0/37 HPs)
             Began as a Vampire Enchanter on Oct 17, 2016.
             Killed by divine providence
             ... invoked by an orc priest
              (14 damage)
             ... on level 3 of the Dungeon.
             The game lasted 00:12:09 (3902 turns).

JeffiDaFish the Sneak (Vampire Enchanter)           Turns: 3902, Time: 00:12:10

Health: 0/37       AC:  4    Str:  7 (8)  XL:     5   Next: 53%
Magic:  2/9        EV: 13    Int: 17 (18) God:
Gold:   156        SH:  0    Dex: 13 (14) Spells: 4 memorised, 0 levels left

rFire  . . .     SeeInvis +     e - +1 dagger (vamp)
rCold  + . .     Gourm    .     i - +2 robe {rN+}
rNeg   + + +     Faith    .     (no shield)
rPois  +         Spirit   .     (no helmet)
rElec  .         Dismiss  .     (no cloak)
rCorr  .         Reflect  .     (no gloves)
MR     .....     Harm     .     (no boots)
Stlth  ++++......               (no amulet)
                                (no ring)
                                (no ring)

@: very slightly contaminated, regenerating slowly
A: fangs 3, see invisible, deterioration 1, unbreathing
a: Bat Form


You were on level 3 of the Dungeon.
You were thirsty.

You visited 1 branch of the dungeon, and saw 3 of its levels.

You collected 156 gold pieces.

Inventory:

Hand Weapons
 a - a +2 dagger
 e - a +1 vampiric dagger (weapon)
 g - a +0 dagger of venom
Armour
 b - a +1 robe
 i - a +2 robe of positive energy (worn)
Wands
 k - a wand of slowing (25/48)
Scrolls
 j - a scroll of remove curse
Potions
 d - 29 potions of blood
 f - a potion of lignification
Books
 c - a book of Maledictions

   Spells                             Type                      Level
   a - Corona                         Hexes                        1
   b - Ensorcelled Hibernation        Hexes/Ice                    2
   c - Confuse                        Hexes                        3
   d - Tukima's Dance                 Hexes                        3
   e - Dazzling Spray                 Conjuration/Hexes            3


   Skills:
 + Level 1.3 Fighting
 + Level 1.9 Short Blades
 * Level 3.4 Dodging
 + Level 6.0 Stealth
 + Level 2.9 Spellcasting
 + Level 5.3 Hexes
 + Level 1.0 Ice Magic


You couldn't memorise any spells.
You knew the following spells:

 Your Spells              Type           Power        Failure   Level  Hunger
a - Corona                Hex            ###....      1%          1    #......
b - Ensorcelled Hibernat  Hex/Ice        ##....       10%         2    ##.....
c - Confuse               Hex            ###.....     8%          3    ###....
d - Dazzling Spray        Conj/Hex       ##....       21%         3    ###....


Dungeon Overview and Level Annotations

Branches:
Dungeon (3/15)

Altars:
Elyvilon
Qazlal
Uskayaw
Yredelemnul


Innate Abilities, Weirdness & Mutations

You heal slowly.
You have razor-sharp teeth.
You have supernaturally acute eyesight. (SInv)
You can survive without breathing.
Your body sometimes deteriorates upon taking damage.


Message History

You barely miss the orc priest. You bite the orc priest.
You draw the orc priest's blood!
You feel better.
You feel slightly less thirsty.
The orc priest is heavily wounded.
The orc priest hits you with a hand axe.
You hit the orc priest but do no damage.
Your bite misses the orc priest.
The orc priest is heavily wounded.
The orc priest barely misses you.
The orc priest calls down the wrath of Beogh upon you.
You struggle to resist.
The hobgoblin barely misses you. The orc priest closely misses you.
The hobgoblin closely misses you.
The orc priest calls down the wrath of Beogh upon you.
Beogh smites you!
You hit the hobgoblin.
You feel better.
The hobgoblin is heavily wounded.
The orc priest mumbles some strange prayers to Beogh against you.
Beogh smites you!
You die...

....>....# #......... ... #.#
#.)....... ... ##.# ####.........
#.. #.)######............
#######.#####.###................
......#.#.....([).#...##.........
......#.#.##..##)...####.........
..........##.###.#### #.........
........###..# #@# #.........
........# #.####g# ##........
........# #.# #..# ##......#
##.#..).###.###o###### ########
#..#.)..#...........##
###....#..............##
.....#)#...............#
...#.#.#...............#
...#.#.................#


You could see an orc priest and a hobgoblin.

Vanquished Creatures
  Terence (D:3)
  An orc wizard (D:3)
  5 adders (D:2)
  2 worms (D:2)
  A dart slug (D:2)
  A leopard gecko (D:1)
  13 orcs
  7 giant cockroaches
  6 goblins
  9 hobgoblins
  9 jackals
  9 kobolds
  A quokka (D:2)
  A ball python (D:1)
  7 bats
  5 frilled lizards
  5 rats
83 creatures vanquished.

Notes
Turn   | Place    | Note
-------+----------+-------------------------------------------
     0 | D:1      | JeffiDaFish the Vampire Enchanter began the quest for the Orb.
     0 | D:1      | Reached XP level 1. HP: 13/13 MP: 3/3
   529 | D:1      | Reached XP level 2. HP: 19/19 MP: 5/5
   537 | D:1      | Reached skill level 5 in Stealth
   549 | D:1      | Learned a level 2 spell: Ensorcelled Hibernation
   637 | D:1      | Gained mutation: Your body sometimes deteriorates upon taking damage. [potion of mutation]
   637 | D:1      | Gained mutation: Your mind is acute. (Int +2) [potion of mutation]
   637 | D:1      | Lost mutation: Your mind is acute. (Int +2) [potion of mutation]
  1770 | D:2      | Found a hide-covered altar of Uskayaw.
  1791 | D:1      | Reached XP level 3. HP: 24/24 MP: 6/6
  2155 | D:2      | Learned a level 3 spell: Confuse
  2391 | D:2      | Reached XP level 4. HP: 31/31 MP: 7/7
  2405 | D:2      | Found a basalt altar of Yredelemnul.
  2927 | D:2      | Found a white marble altar of Elyvilon.
  2961 | D:2      | Reached skill level 1 in Fighting
  3041 | D:2      | Reached skill level 5 in Hexes
  3365 | D:3      | Reached XP level 5. HP: 37/37 MP: 3/8
  3739 | D:3      | Noticed Terence
  3746 | D:3      | Killed Terence
  3746 | D:3      | Reached skill level 6 in Stealth
  3746 | D:3      | Reached skill level 1 in Ice Magic
  3830 | D:3      | Found a stormy altar of Qazlal.
  3845 | D:3      | Learned a level 3 spell: Dazzling Spray
  3902 | D:3      | Killed from afar by an orc priest

Vault maps used:
D:1:      co_arrival_square_in_a_square_in_a_square
D:2:      kennysheep_ying_yang, lemuel_round_altar, minmay_tripent
D:3:      grunt_temple_overflow_open, first_bread, uniq_terence

Skill      XL: |  1  2  3  4  5 |
---------------+----------------+-----
Stealth        | 5 6 |  6.0
Dodging        | 3 |  3.4
Fighting       | 1 |  1.3
Hexes          | 5 |  5.3
Ice Magic      | 1 |  1.0
Short Blades   | |  1.9
Spellcasting   | |  2.9

Action                   |  1- 3 |  4- 6 || total
-------------------------+-------+-------++-------
Melee: Dagger            |   225 |   191 ||   416
       Bite              |    16 |    11 ||    27
 Cast: Ensorcelled Hiber |     7 |     8 ||    15
       Confuse           |       |     5 ||     5
       Dazzling Spray    |       |     2 ||     2
       Corona            |       |     1 ||     1
  Use: Scroll            |     2 |     1 ||     3
       Potion            |     7 |    11 ||    18
 Stab: Sleeping          |     9 |    13 ||    22
       Distracted        |     1 |       ||     1
Armor: Robe              |    58 |    33 ||    91
Dodge: Dodged            |   169 |   159 ||   328
